 Dungeon Crawl Stone Soup version 0.26.1-2-gb8aa6d0cf2 (webtiles) character file.

Game seed: 15850813711837168980

2085 nightchill the Cutter (level 9, 83/83 HPs)
             Began as a Palentonga Fighter on Mar 12, 2021.
             Was a Follower of Uskayaw.
             Got out of the dungeon alive.
             The game lasted 00:15:20 (7588 turns).

nightchill the Cutter (Palentonga Fighter)          Turns: 7588, Time: 00:15:21

Health: 83/83      AC:  9    Str: 30    XL:     9   Next: 6%
Magic:  13/13      EV:  5    Int:  8    God:    Uskayaw [*.....]
Gold:   475        SH: 10    Dex: 15    Spells: 8/8 levels left

rFire    . . .     SeeInvis +   a - +3 rapier (vamp)
rCold    . . .     Faith    .   c - +0 kite shield
rNeg     . . .     Spirit   .   b - +0 scale mail
rPois    .         Reflect  .   h - +0 helmet
rElec    .         Harm     .   d - +1 cloak
rCorr    .         Rampage  .   (no gloves)
Will     .....                  (no barding)
Stlth    ..........             (no amulet)
HPRegen  0.23/turn              v - +6 ring of strength
MPRegen  0.13/turn              q - +6 ring of dexterity

@: no status effects
A: large, rugged brown scales 3, see invisible, deformed body, roll 1, armoured
tail, reflexive curl
a: Rolling Charge, Renounce Religion, Stomp


You escaped.
You worshipped Uskayaw.
Uskayaw was noncommittal.
You visited 2 branches of the dungeon, and saw 8 of its levels.

You collected 475 gold pieces.

Inventory:

Hand Weapons
 a - a +3 vampiric rapier (weapon)
 t - a +0 war axe
Armour
 b - a +0 scale mail (worn)
 c - a +0 kite shield (worn)
 d - a +1 cloak (worn)
 h - a +0 helmet (worn)
 l - a +0 plate armour
 A - a +1 leather armour of poison resistance
Jewellery
 i - an uncursed ring of protection from cold
 o - a +4 ring of evasion
 q - a +6 ring of dexterity (right hand)
 v - a +6 ring of strength (left hand)
Scrolls
 e - 3 scrolls of identify
 f - 2 scrolls of remove curse
 g - a scroll of immolation
 m - a scroll of enchant armour
 p - 2 scrolls of teleportation
 u - a scroll of amnesia
 x - a scroll of magic mapping {unknown}
 y - a scroll of fog {unknown}
Potions
 j - 2 potions of lignification
 k - 4 potions of brilliance
 n - 3 potions of mutation
 r - 3 potions of degeneration
 s - 2 potions of curing
 w - a potion of attraction
 z - 2 potions of magic


   Skills:
 + Level 6.8 Fighting
 * Level 7.6 Short Blades
 - Level 4.4 Axes
 - Level 2.4 Armour
 - Level 2.4 Shields
 + Level 5.6 Invocations


You had 8 spell levels left.
You didn't know any spells.
Your spell library contained the following spells:

 Spells                   Type           Power        Failure   Level
 Animate Skeleton         Necr           0%           98%         1
 Apportation              Tloc           0%           98%         1
 Corona                   Hex            0%           98%         1
 Shock                    Conj/Air       0%           98%         1
 Summon Small Mammal      Summ           0%           98%         1
 Ensorcelled Hibernation  Hex/Ice        0%           99%         2
 Swiftness                Air            0%           99%         2
 Confusing Touch          Hex            0%           100%        3
 Dazzling Flash           Conj/Hex       0%           100%        3
 Static Discharge         Conj/Air       0%           100%        3
 Tukima's Dance           Hex            0%           100%        3
 Airstrike                Air            0%           100%        4
 Lightning Bolt           Conj/Air       0%           100%        5


Dungeon Overview and Level Annotations

Branches:
Dungeon (7/15)             Temple (1/1) D:4

Altars:
Cheibriados
Dithmenos
Elyvilon
Fedhas
Hepliaklqana
Kikubaaqudgha
Makhleb
Okawaru
Ru
Sif Muna
Trog
Uskayaw
Wu Jian
Xom
Yredelemnul
Zin


Innate Abilities, Weirdness & Mutations

You are completely covered in rugged brown scales. (AC +3, +7% HP)
You have supernaturally acute eyesight. (SInv)
Armour fits poorly on your strangely shaped body.
You can roll at nearby foes to attack.
You have a long armoured tail.
You curl defensively after being hit.


Message History

You climb upwards.
There is a stone staircase leading down here.
There is an open door here.
There is an open door here.
There is an open door here.
There is a stone staircase leading up here.
You climb upwards.
There is a stone staircase leading down here.
There is a stone staircase leading up here.
You climb upwards.
There is a stone staircase leading down here.
There is a stone staircase leading up here.
You climb upwards.
There is a stone staircase leading down here.
There is a stone staircase leading up here.
You climb upwards.
There is a stone staircase leading down here.
There is a staircase leading out of the dungeon here.
Are you sure you want to leave the Dungeon?
This will make you lose the game!
You have escaped!

###.##.######.........
#.............####..##
#.###..##..##.####..##
#...................##
#.#.....#.###.#####..†
#.#.....#.# #.# #####
#.#.....#.###.# #....
#.#.....#..##.# #...#
#.#..@..#.....####...#
#.#.....#.###.#.......
#.#.....#.# #..÷......
#.#.....#.# ###.......
#.#.....#.# ####...#
#####.........###
#...#
#...............#
#...#
#.#############.#
##.#. #.# #.# #..#


There were no monsters in sight!

Vanquished Creatures
  Prince Ribbit (D:5)
  Edmund (D:5)
  Duvessa (D:5)
  An ice beast (D:7)
  3 orc warriors
  3 centaurs
  An ogre (D:7)
  Blork the orc (D:6)
  A bullfrog (D:6)
  Dowan (D:5)
  A scorpion (D:5)
  A water moccasin skeleton (D:4)
  A howler monkey (D:6)
  4 orc priests
  3 orc wizards
  A bullfrog skeleton (D:5)
  A hound (D:4)
  An iguana (D:5)
  2 worker ants
  A killer bee zombie (D:7)
  A hound zombie (D:7)
  A worker ant zombie (D:5)
  7 gnolls
  4 adders
  2 shadow imps
  2 white imps
  An ufetubus (D:5)
  An adder zombie (D:7)
  An adder skeleton (D:7)
  3 worms
  2 dart slugs
  2 leopard geckos
  26 orcs
  3 giant cockroaches
  12 goblins
  12 hobgoblins
  12 jackals
  6 kobolds
  3 quokkas
  2 ball pythons
  6 bats
  3 frilled lizards (D:1)
  4 rats
146 creatures vanquished.

Notes
Turn   | Place    | Note
-------+----------+-------------------------------------------
     0 | D:1      | nightchill the Palentonga Fighter began the quest for the
                  | Orb.
     0 | D:1      | Reached XP level 1. HP: 20/20 MP: 1/1
    90 | D:1      | Reached XP level 2. HP: 18/27 MP: 2/2
   402 | D:1      | Reached XP level 3. HP: 33/33 MP: 3/3
  1446 | D:2      | Reached XP level 4. HP: 37/42 MP: 4/4
  2590 | D:3      | Reached XP level 5. HP: 49/49 MP: 5/5
  2734 | D:4      | Reached skill level 1 in Short Blades
  2742 | D:4      | Found a staircase to the Ecumenical Temple.
  2761 | Temple   | Entered the Ecumenical Temple
  2778 | Temple   | Became a worshipper of Uskayaw the Reveller
  2825 | D:4      | Reached * piety under Uskayaw
  2832 | D:4      | Reached ** piety under Uskayaw
  2915 | D:4      | Found an iron altar of Okawaru.
  2984 | D:4      | Reached skill level 2 in Short Blades
  2984 | D:4      | Reached skill level 1 in Invocations
  3197 | D:5      | Entered Level 5 of the Dungeon
  3264 | D:5      | Reached XP level 6. HP: 49/56 MP: 5/7
  3368 | D:5      | Noticed Duvessa
  3368 | D:5      | Noticed Dowan
  3374 | D:5      | Reached *** piety under Uskayaw
  3390 | D:5      | Killed Duvessa
  3390 | D:5      | Reached **** piety under Uskayaw
  3391 | D:5      | Reached skill level 3 in Short Blades
  3402 | D:5      | Killed Dowan
  3855 | D:5      | Gained mutation: You curl defensively after being hit.
                  | [Palentonga growth]
  3855 | D:5      | Reached XP level 7. HP: 64/64 MP: 8/8
  3858 | D:5      | Reached skill level 5 in Fighting
  3976 | D:5      | Reached skill level 4 in Short Blades
  4056 | D:5      | Noticed Prince Ribbit
  4075 | D:5      | Killed Prince Ribbit
  4397 | D:5      | Noticed Edmund
  4410 | D:5      | Killed Edmund
  4411 | D:5      | Reached skill level 5 in Short Blades
  5219 | D:6      | Reached XP level 8. HP: 17/73 MP: 9/11
  5226 | D:6      | HP: 3/73 [orc/cursed +0 short sword (2)]
  5891 | D:6      | Reached skill level 6 in Short Blades
  5954 | D:6      | Noticed Blork the orc
  5963 | D:6      | Killed Blork the orc
  6071 | D:6      | Found a hide-covered altar of Uskayaw.
  6073 | D:6      | Found a blossoming altar of Fedhas.
  6073 | D:6      | Found a white marble altar of Elyvilon.
  6075 | D:6      | Found a basalt altar of Yredelemnul.
  6075 | D:6      | Found an ornate altar of the Wu Jian Council.
  6075 | D:6      | Found a shimmering altar of Xom.
  6326 | D:7      | Reached skill level 5 in Invocations
  6517 | D:7      | Reached skill level 7 in Short Blades
  6912 | D:7      | Found a sand-covered staircase.
  7081 | D:7      | Reached XP level 9. HP: 40/83 MP: 9/13
  7588 | D:$      | Got out of the dungeon alive.

Illustrated notes

Levels and vault maps discovered:
D:1:      minmay_arrival_semitransparent, layout_loops_ring
D:2:      layout_basic, serial_park_tiny_2
D:3:      layout_rooms
D:4:      layout_rooms, old_standard_altar, temple_fountains
D:5:      layout_basic, serial_corexii_hall, chequers_hall_statues_wall_a,
          chequers_hall_statues_corner_a, uniq_duvessa, uniq_edmund,
          uniq_prince_ribbit1
D:6:      layout_loops_corners, doesnt_xom_only_xom, uniq_blork_the_orc
D:7:      layout_gridville, enter_ossuary_5
Temple:   nicolae_temple_the_god_donut

Skill      XL: |  1  2  3  4  5  6  7  8 |
---------------+-------------------------+-----
Axes           | 3 4 |  4.4
Fighting       | 4 5 6 |  6.8
Short Blades   | 2 3 5 7 |  7.6
Invocations    | 1 2 4 5 |  5.6
Armour         | |  2.4
Shields        | |  2.4

Action                   |  1- 3 |  4- 6 |  7- 9 || total
-------------------------+-------+-------+-------++-------
Melee: War axe           |   120 |   100 |       ||   220
       Tailslap          |     5 |    25 |    31 ||    61
       Rapier            |       |   103 |   199 ||   302
Invok: Line Pass         |       |       |     3 ||     3
 Abil: Rolling Charge    |    11 |     5 |    12 ||    28
  Use: Potion            |       |       |     3 ||     3
       Scroll            |       |       |    14 ||    14
 Stab: Paralysed         |       |     2 |     2 ||     4
Armor: Scale mail        |    34 |   105 |    59 ||   198
       Plate armour      |     8 |       |       ||     8
Dodge: Dodged            |    14 |    50 |    31 ||    95
Block: Kite shield       |    60 |    94 |    79 ||   233
